 Dungeon Crawl Stone Soup version 0.31-a0-744-gbc345e7fcb (webtiles) character file.

Game seed: 6260241641709697430

49 Shayle the Changeling (level 3, -1/55 HPs)
             Began as an Ogre Shapeshifter on Sept 13, 2023.
             Shot with a sling bullet by a goblin (4 damage)
             ... on level 2 of the Dungeon.
             The game lasted 00:03:38 (1281 turns).

Shayle the Changeling (Ogre Shapeshifter)           Turns: 1281, Time: 00:03:41

Health: -1/55      AC: 21    Str: 18    XL:     3   Next: 77%
Magic:  4/4        EV:  1    Int: 13    God:
Gold:   2          SH:  0    Dex:  8    Spells: 3/3 levels left

rFire   . .          .
                       - Unarmed
rCold   . . .        (no shield)
rNeg    . . .        a - melded +0 animal skin
rPois   +            (helmet currently unavailable)
rElec   .            (cloak currently unavailable)
rCorr   .            (gloves unavailable)
SInv    .            (boots unavailable)
Will    .....        (no amulet)
Stlth   +            (no ring)
HPRegen 0.29/turn    (no ring)
MPRegen 0.09/turn

%: no passive effects
@: mighty, lethally poisoned (-1 -> -8), tree-form, hasted, invisible, very
quick
A: stationary, stasis, torment immunity, boosted hp, large, unfitting armour,
(tough skin 1)
a: no special abilities


You were on level 2 of the Dungeon.
You were a tree.
You visited 1 branch of the dungeon, and saw 2 of its levels.

You collected 2 gold pieces.

Inventory:

Armour
 a - a +0 animal skin (melded)
Jewellery
 h - a ring of poison resistance
 p - a +6 ring of dexterity
Talismans
 c - a beast talisman
 d - a flux talisman
 j - a serpent talisman
Scrolls
 f - 2 scrolls of teleportation {unknown}
 k - a scroll of identify {unknown}
 l - a scroll of enchant weapon {unknown}
 n - a scroll of fog {unknown}
 o - a scroll of immolation {unknown}
Potions
 b - a potion of lignification
 m - a potion of degeneration {unknown}


   Skills:
 + Level 3.0 Fighting
 - Level 1.7 Dodging
 - Level 2.8 Unarmed Combat
 - Level 0.8 Spellcasting
 + Level 3.6 Shapeshifting


You had 3 spell levels left.
You didn't know any spells.
Your spell library was empty.

Dungeon Overview and Level Annotations

Branches:
Dungeon (2/15)

Altars:


Innate Abilities, Weirdness & Mutations

You are a tree.
Your roots penetrate the ground, keeping you stationary.
You cannot be teleported.
You are immune to unholy pain and torment.
Your maximum health is greatly increased.
Your equipment is partially melded.
You are too large for most types of armour.
((You have tough skin. (AC +1)))


Message History

Your +0 animal skin melds into your body.
Your roots penetrate the ground.
You feel very sick.
The hobgoblin hits you but does no damage.
The kobold hits you but does no damage.
You are lethally poisoned!
You barely miss the kobold.
The kobold is severely wounded.
You feel very sick.
A bat comes into view.
You smack the kobold!
You kill the kobold!
* * * LOW HITPOINT WARNING * * *
You feel very sick.
The hobgoblin hits you but does no damage.
The goblin shoots a sling bullet.
The sling bullet hits you.
* * * LOW HITPOINT WARNING * * *
It was a potion of invisibility.
You fade into invisibility!
* * * LOW HITPOINT WARNING * * *
You feel very sick.
The hobgoblin hits you but does no damage.
The endoplasm hits you but does no damage.
A quokka comes into view.
The goblin shoots a sling bullet.
The sling bullet hits you but does no damage.
It was a potion of might.
You feel very mighty all of a sudden.
* * * LOW HITPOINT WARNING * * *
You feel very sick.
The hobgoblin hits you but does no damage.
The endoplasm hits you but does no damage.
The bat hits you but does no damage.
It was a potion of haste.
You feel yourself speed up.
* * * LOW HITPOINT WARNING * * *
You feel sick. The bat hits you but does no damage.
The hobgoblin hits you but does no damage.
The endoplasm hits you but does no damage.
The goblin shoots a sling bullet.
The sling bullet hits you.
You die...

>...##....<..........#
.... #.###.##......#.#
... #. #†##......#.#
## #.....##........#
...###........#...###
. .................
..........#......#
..................#
!..........♣........
##.........bJg..g....
............r...
...............
...............
...............
...............
...............


You could see an endoplasm, a quokka (wandering, unable to see you), a hobgoblin
(unable to see you), a goblin (unable to see you) and a bat.

Vanquished Creatures
  A gnoll (D:1)
  A dart slug (D:1)
  5 ball pythons
  2 bats (D:1)
  An endoplasm (D:1)
  4 giant cockroaches (D:1)
  4 goblins (D:1)
  3 hobgoblins (D:1)
  4 kobolds
  2 quokkas (D:1)
  3 frilled lizards (D:1)
  2 rats
32 creatures vanquished.

Notes
Turn   | Place    | Note
-------+----------+-------------------------------------------
     0 | D:1      | Shayle the Ogre Shapeshifter began the quest for the Orb.
     0 | D:1      | Reached XP level 1. HP: 19/19 MP: 1/1
   128 | D:1      | Reached XP level 2. HP: 17/28 MP: 2/2
   443 | D:1      | Reached XP level 3. HP: 16/36 MP: 4/4
  1281 | D:2      | Shot with a sling bullet by a goblin

Illustrated notes

Levels and vault maps discovered:
D:1:      dpeg_arrival_circle_labyrinth_c, layout_basic
D:2:      layout_rooms, grunt_ministairs_15, minmay_fountain_box

Skill      XL: |  1  2  3 |
---------------+----------+-----
Fighting       | 2 3 |  3.0
Dodging        | |  1.7
Unarmed Combat | |  2.8
Spellcasting   | |  0.8
Shapeshifting  | |  3.6

Action                     || total
---------------------------++-------
  Melee: Unarmed           ||    99
    Use: Potion            ||     4
 Armour: Animal skin       ||    58
         Skin              ||    14
  Dodge: Dodged            ||    51

Table legend: (Time is in decaauts)
 A = Elapsed time spent in this place.
 B = Non-inter-level travel time spent in this place.
 C = Inter-level travel time spent in this place.
 D = Time resting spent in this place.
 E = Time spent auto-exploring this place.
 F = Levels seen in this place.
 G = Mean time per level.
                   A        B        C        D        E       F      G
               +--------+--------+--------+--------+--------+-----+--------+
         Total |   1275 |   1202 |     73 |     73 |    888 |   2 |  637.5 |
       Dungeon |   1275 |   1202 |     73 |     73 |    888 |   2 |  637.5 |
               +--------+--------+--------+--------+--------+-----+--------+

Top non-repeatable levels by time:
     D:1: 1230 daAuts
     D:2: 45 daAuts
